Map: Lerilak Crest

Players

LilDicky - Winner!

  • Race: Terran Terran
  • League: Diamond

RADIOLOGIST

  • Race: Zerg Zerg
  • League: Platinum

VOD

http://www.twitch.tv/tumescentpie

Description

Time

  • Played on: Dec. 8, 2015, 10:36 a.m.
  • Length: 21:41
Show
View Real Time Build Order
Export as new Build Order

LilDicky Terran - Winner!

Build Orders: Command Center First (CC), Mech 

Get SALT Encoding   

  12  0:01  SCV  
  13  0:21  SCV  
  14  0:32  Supply Depot  
  14  0:33  SCV  
  15  0:35  Refinery  
  15  0:53  SCV  
  16  1:08  Command Center  
  17  1:11  SCV  
  17  1:27  SCV  
  17  1:29  Barracks  
  18  1:39  SCV  
  19  1:55  SCV  
  20  2:07  SCV  
  21  2:19  Supply Depot  
  21  2:20  Marine  
  21  2:21  Orbital Command x2  
  22  2:28  Factory  
  22  2:38  Bunker  
  22  2:45  Marine  
  22  2:48  SCV  
  24  2:58  SCV  
  25  3:03  Marine  
  27  3:05  SCV  
  27  3:10  SCV  
  28  3:14  Factory Tech Lab  
  28  3:15  Starport  
  28  3:19  Armory  
  28  3:20  Marine  
  28  3:21  Refinery  
  28  3:24  SCV, Refinery  
  30  3:29  SCV  
  31  3:36  SCV  
  31  3:38  Refinery, Marine  
  33  3:51  SCV  
  33  3:52  SCV  
  33  3:55  Medivac  
  37  4:04  Marine  
  37  4:05  SCV  
  39  4:15  Thor  
  39  4:16  SCV  
  46  4:23  Liberator  
  46  4:29  Marine  
  46  4:30  SCV  
  48  4:36  SCV  
  49  4:42  SCV  
  53  4:47  Marine  
  53  4:50  Command Center  
  54  4:54  Factory  
  54  5:08  SCV  
  54  5:09  SCV, Siege Tank  
  57  5:20  Liberator  
  54  5:33  Marine  
  55  5:39  Factory Tech Lab  
  55  5:41  SCV  
  59  5:43  SCV, Factory  
  60  6:02  Thor, Supply Depot  
  66  6:06  Supply Depot  
  66  6:18  Refinery  
  66  6:19  Orbital Command  
  66  6:21  SCV  
  70  6:27  Refinery  
  70  6:31  Starport Reactor  
  67  6:33  Factory Reactor  
  67  6:34  Infernal Pre-Igniter  
  67  6:38  Hellion  
  69  6:52  Thor  
  75  6:54  SCV  
  75  6:59  SCV  
  75  7:00  SCV  
  78  7:06  SCV  
  79  7:11  SCV  
  79  7:12  SCV  
  72  7:35  SCV  
  72  7:36  SCV x2  
  72  7:39  Marine  
  72  7:41  Thor x2  
  72  7:43  Hellion  
  87  7:48  SCV  
  88  7:54  SCV x2  
  90  8:00  SCV  
  91  8:06  SCV x2  
  93  8:17  Supply Depot  
  93  8:18  SCV x3, Hellion x2  
  93  8:19  Supply Depot  
  100  8:20  Terran Vehicle And Ship Armor Level 1  
  100  8:25  Armory  
  100  8:33  SCV x2, Liberator x2  
  102  8:35  SCV  
  102  8:40  Marine  
  104  8:42  Thor  
  104  8:45  SCV, Hellion  
  104  8:46  SCV  
  114  8:49  Hellion  
  114  8:54  Siege Tank  
  125  9:02  Supply Depot  
  125  9:03  Supply Depot x2  
  125  9:17  Command Center  
  125  9:24  SCV x3, Marine  
  96  9:52  Marine  
  95  9:54  Liberator x2  
  95  10:10  Marine  
  95  10:11  Thor x2  
  95  10:13  Hellion x2  
  118  10:17  Factory  
  118  10:18  Factory  
  118  10:23  Factory  
  118  10:27  Marine  
  119  10:34  Supply Depot  
  119  10:36  Supply Depot, Engineering Bay  
  119  10:40  SCV x3  
  119  10:42  SCV  
  123  10:43  Terran Vehicle And Ship Armor Level 2  
  123  10:44  Terran Vehicle Weapons Level 1  
  123  10:45  Marine  
  123  10:48  Supply Depot x2  
  124  10:51  Hellion x2  
  124  10:52  SCV  
  124  10:55  Hellion  
  131  11:05  Factory Tech Lab  
  131  11:06  Factory Tech Lab  
  131  11:15  Factory Tech Lab  
  131  11:23  Factory Tech Lab  
  131  11:27  Factory  
  131  11:29  SCV  
  131  11:30  SCV x2, Factory  
  131  11:32  Planetary Fortress  
  134  11:37  Thor x3  
  134  11:38  Thor  
  158  11:47  Refinery  
  158  11:50  Command Center  
  158  11:57  Liberator x2  
  158  12:03  Thor  
  158  12:04  Supply Depot  
  170  12:20  Thor x2  
  170  12:21  Factory Tech Lab x2  
  182  12:26  Starport  
  182  12:30  Starport  
  182  12:34  Missile Turret  
  182  12:38  Missile Turret  
  182  12:39  Missile Turret  
  182  12:42  Missile Turret  
  182  13:10  Thor x4  
  197  13:15  Starport Tech Lab x2  
  197  13:19  Terran Vehicle And Ship Armor Level 3, Terran Vehicle Weapons Level 2  
  197  13:27  Refinery  
  197  13:35  Planetary Fortress  
  197  13:44  Missile Turret  
  197  13:45  Missile Turret  
  197  13:47  Missile Turret  
  197  13:56  Missile Turret  
  197  13:57  Hi-Sec Auto Tracking, Missile Turret x2  
  197  14:07  Refinery  
  197  14:11  Cloaking Field  
  197  14:17  Fusion Core  
  197  14:18  Liberator  
  197  14:19  Liberator  
  185  14:33  Banshee  
  185  14:34  Banshee  
  194  14:59  Liberator  
  188  15:15  Liberator x2  
  188  15:16  Banshee  
  194  15:23  Hellion x5  
  194  15:24  Refinery  
  194  15:26  Advanced Ballistics  
  194  15:30  Hyperflight Rotors  
  194  15:35  Command Center, Terran Ship Weapons Level 1  
  200  15:38  Command Center  
  200  15:56  Thor x2  
  200  15:59  Banshee  
  180  16:42  Battlecruiser x2  
  180  16:43  Viking x2  
  180  16:46  Terran Vehicle Weapons Level 3  
  196  16:47  Behemoth Reactor  
  196  16:56  Planetary Fortress  
  196  16:59  Missile Turret  
  196  17:00  Refinery, Missile Turret  
  196  17:02  Missile Turret  
  196  17:07  Command Center  
  196  17:11  Missile Turret  
  187  17:25  Missile Turret  
  165  17:44  Weapon Refit  
  147  17:49  Thor x2  
  147  17:50  Thor x2  
  159  17:53  Hellion  
  159  17:54  Hellion x4  
  168  18:10  SCV  
  169  18:12  Orbital Command  
  169  18:15  Hellion x2  
  169  18:18  Thor  
  169  18:19  Thor  
  185  18:22  SCV  
  185  18:24  Refinery  
  186  18:39  Refinery  
  186  18:48  Thor x2, Refinery  
  186  18:50  Hellion, Refinery  
  200  18:55  Refinery  
  200  19:01  Corvid Reactor  
  200  19:03  Terran Ship Weapons Level 2  
  158  19:43  Viking  
  158  19:44  Viking x3  
  143  20:07  Hellion x3  
  143  20:08  Hellion x6  
  143  20:13  Viking  
  143  20:14  Viking x3  
  157  20:28  Hellion  
  157  20:29  Hellion x6  
  169  20:43  Viking  
  170  20:51  Banshee x2  
  170  20:54  Thor x4  
  194  21:05  Command Center  
Show
View Real Time Build Order
Export as new Build Order

RADIOLOGIST Zerg 

Build Orders: Pool First 

Get SALT Encoding   

  12  0:00  Drone  
  13  0:08  Drone  
  14  0:17  Overlord  
  14  0:27  Extractor x2  
  12  0:31  Drone x2  
  16  0:36  Drone  
  17  0:44  Drone  
  18  0:51  Spawning Pool  
  18  0:56  Drone, Extractor  
  17  1:18  Hatchery  
  17  1:20  Drone  
  17  1:24  Drone  
  18  1:30  Drone  
  19  1:40  Queen  
  21  1:50  Overlord  
  21  1:57  Drone  
  22  2:10  Metabolic Boost  
  22  2:14  Drone x2  
  24  2:16  Queen  
  26  2:25  Drone  
  27  2:31  Drone  
  27  2:32  Drone  
  29  2:41  Overlord  
  29  2:50  Drone  
  29  2:51  Drone x3  
  33  3:05  Zergling x2  
  33  3:06  Zergling x4  
  36  3:14  Hatchery  
  35  3:28  Drone x4  
  35  3:29  Drone x4  
  35  3:30  Extractor  
  42  3:36  Drone x2  
  42  3:37  Overlord  
  44  3:46  Drone  
  44  3:57  Lair  
  44  4:04  Zergling x6  
  44  4:06  Zergling x6  
  44  4:07  Zergling x2  
  51  4:11  Overlord  
  51  4:13  Overlord  
  51  4:20  Extractor  
  51  4:22  Spore Crawler  
  49  4:24  Spore Crawler  
  49  4:31  Overlord  
  48  4:32  Zergling x4  
  48  4:33  Zergling x6  
  52  4:48  Roach Warren  
  52  4:49  Evolution Chamber, Overlord x3  
  39  5:28  Zerg Missile Weapons Level 1, Glial Reconstitution  
  37  5:32  Drone x8  
  37  5:35  Drone x3  
  48  5:43  Roach x4  
  48  5:44  Roach  
  48  5:48  Drone  
  48  5:49  Queen  
  61  6:07  Roach x3  
  61  6:08  Ravager  
  61  6:09  Ravager x4  
  61  6:10  Overlord x3  
  72  6:15  Overlord x3  
  72  6:30  Hydralisk Den, Extractor  
  70  6:34  Drone x5  
  70  6:36  Overlord x2  
  70  6:37  Extractor  
  70  6:38  Drone x3  
  70  6:39  Drone  
  78  6:43  Zergling x2  
  79  6:55  Drone x2  
  79  6:59  Hydralisk x3  
  87  7:01  Roach  
  70  7:33  Hydralisk  
  70  7:34  Hydralisk x8  
  84  7:43  Muscular Augments  
  84  7:45  Overseer  
  84  7:53  Drone x4  
  88  8:00  Hatchery  
  88  8:03  Roach  
  88  8:04  Roach  
  90  8:07  Zerg Missile Weapons Level 2  
  90  8:13  Queen  
  92  8:23  Roach x2  
  92  8:24  Roach x3  
  92  8:25  Overlord  
  102  8:41  Drone  
  102  8:42  Drone x3  
  102  8:44  Extractor  
  105  8:50  Roach x8  
  121  8:56  Spore Crawler  
  121  9:02  Overseer  
  120  9:06  Roach  
  120  9:07  Roach x5  
  120  9:09  Overlord  
  132  9:14  Drone x2  
  132  9:16  Drone x2  
  136  9:17  Drone  
  136  9:19  Drone  
  136  9:20  Drone  
  136  9:21  Drone  
  74  9:52  Drone  
  74  9:53  Drone x6  
  74  9:59  Roach  
  96  10:00  Roach x11  
  104  10:11  Infestation Pit  
  104  10:12  Evolution Chamber  
  102  10:15  Overlord  
  102  10:16  Overlord  
  102  10:18  Ravager x2  
  104  10:21  Ravager x2  
  104  10:23  Ravager x3, Zerg Ground Armor Level 1  
  104  10:24  Ravager x2  
  104  10:25  Ravager  
  104  10:28  Drone  
  113  10:31  Hydralisk  
  113  10:32  Hydralisk x8  
  131  10:49  Extractor  
  130  10:51  Extractor  
  130  10:52  Spore Crawler  
  130  10:53  Spore Crawler, Roach x3  
  130  10:54  Roach x8  
  149  11:02  Hive  
  149  11:18  Roach x12  
  173  11:45  Drone x3  
  176  12:07  Hydralisk x3  
  182  12:09  Overlord x2  
  182  12:10  Overlord x3  
  182  12:18  Zerg Missile Weapons Level 3  
  182  12:19  Zerg Ground Armor Level 2  
  182  12:24  Overlord x4  
  182  12:50  Hatchery  
  181  12:51  Viper x2  
  181  12:52  Viper x3  
  196  13:33  Spire  
  195  13:53  Drone  
  195  13:54  Drone x3  
  199  13:57  Overlord x3  
  199  13:59  Evolution Chamber  
  199  14:00  Evolution Chamber  
  199  14:01  Evolution Chamber  
  199  14:02  Evolution Chamber  
  195  14:03  Evolution Chamber  
  194  14:47  Greater Spire  
  194  14:50  Spire  
  194  14:51  Zerg Ground Armor Level 3  
  192  14:55  Drone x3  
  192  14:56  Drone  
  192  14:57  Spine Crawler  
  192  14:59  Spine Crawler  
  191  15:00  Spine Crawler  
  191  15:02  Spine Crawler  
  191  15:06  Drone  
  191  15:07  Drone x4  
  191  15:14  Drone x2  
  191  15:15  Drone  
  191  15:18  Spine Crawler  
  191  15:19  Spine Crawler  
  192  15:42  Spine Crawler x2  
  190  15:43  Drone x4, Spine Crawler  
  182  16:17  Hatchery, Corruptor x5  
  191  16:29  Overseer  
  191  16:39  Overseer x2  
  191  17:00  Brood Lord x2  
  195  17:02  Brood Lord  
  153  17:50  Brood Lord x2  
  153  17:51  Corruptor x6  
  127  17:57  Corruptor x5  
  127  17:58  Corruptor  
  151  18:02  Drone x3  
  151  18:04  Extractor x2  
  152  18:14  Spore Crawler  
  152  18:18  Spine Crawler  
  150  18:20  Zerg Flyer Weapons Level 1, Spine Crawler, Spore Crawler  
  150  18:21  Spine Crawler  
  150  18:22  Spine Crawler  
  150  18:23  Spore Crawler  
  150  18:24  Zerg Flyer Armor Level 1  
  145  18:30  Brood Lord x3  
  151  18:36  Corruptor x3  
  151  18:37  Corruptor  
  159  18:53  Drone  
  159  18:54  Drone x2  
  138  19:40  Corruptor x2  
  138  19:41  Corruptor x5  
  138  19:54  Corruptor x2  
  138  19:55  Corruptor x4  
  150  20:05  Corruptor  
  121  20:17  Brood Lord x2  
  121  20:18  Brood Lord  
  109  20:31  Brood Lord  
  109  20:32  Brood Lord x2  
  113  20:38  Overseer  
  113  20:39  Overseer  
  113  20:48  Extractor  
  113  20:49  Extractor  
  101  21:18  Zergling x2  
  101  21:19  Zergling x18  
Tags
 
Add a new tag
Caveats
  • Supply blocks, unpowered buildings, or Contaminate may cause inaccurate times.
  • Supply counts are checked every 10 seconds.